 Dungeon Crawl Stone Soup version 0.30-a0-860-g512cf1e979 (webtiles) character file.

Game seed: 3305581654058379658

684019 luigi the Ruinous (level 27, -7/197 HPs)
             Began as a Demonspawn Conjurer on Mar 8, 2023.
             Was the Champion of Vehumet.
             Hit by a silver javelin thrown by a merfolk javelineer (17 damage)
             ... on level 14 of a ziggurat.
             The game lasted 03:21:12 (83286 turns).

luigi the Ruinous (Demonspawn Conjurer)            Turns: 83286, Time: 03:21:14

Health: -7/197     AC: 19    Str: 16 (17) XL:     27
Magic:  0/45       EV: 21    Int: 35      God:    Vehumet [******]
Gold:   2688       SH: 21    Dex: 23      Spells: 4/62 levels left

rFire   + + .      SeeInvis +    r - staff of conjuration
rCold   + + +      Faith    .    A - +5 Storm Queen's Shield {shock, Fly rElec}
rNeg    . . .      Spirit   +    o - +2 robe {Archmagi}
rPois   .          Reflect  .    T - +0 mask of the Dragon {Will+ Slay+3 SInv}
rElec   +          Rampage  .    j - scarf {repulsion}
rCorr   .          Archmagi +    C - +2 pair of gloves {Dex+3}
Will    ++++.                    (boots unavailable)
Stlth   ++                       G - amulet of Twilight {RegenMP Drain rC+++ Dex+5}
HPRegen 0.52/turn                K - ring "Xiekeh" {Int+6 Dex+3 SInv}
MPRegen 0.98/turn                w - ring "Lolukef" {rF++ Str+3 SInv Stlth+}

@: sanguine armoured, flying, contaminated, glowing, studying Staves, repel
missiles
A: hooves 3, hurl damnation, icemail 2, torment resistance 1, magic shield,
magic regeneration, magic link, sanguine armour 3, condensation shield, demonic
willpower, strong 1, evolution 1
}: 4/15 runes: decaying, slimy, silver, gossamer
a: Hurl Damnation, Renounce Religion


You were on level 14 of a ziggurat.
You worshipped Vehumet.
Vehumet was exalted by your worship.
You visited 13 branches of the dungeon, and saw 57 of its levels.
You visited 2 bazaars.
You visited 1 ziggurat, and saw 14 of its levels.
You also visited: Bailey and Ice Cave.

You collected 8208 gold pieces.
You spent 5520 gold pieces at shops.

Inventory:

Missiles
 B - 44 silver javelins (quivered)
Armour
 j - a scarf of repulsion (worn)
 o - a +2 robe of the Archmagi (worn)
 A - the +5 Storm Queen's Shield (worn) {shock, Fly rElec}
   (You found it on level 3 of the Elven Halls)

   Shock:     When it blocks an attack, it may electrocute the attacker.
   This works even against foes who are a short distance away.
   rElec:     It insulates you from electricity.
   Fly:       It grants you flight.
 C - a +2 pair of gloves of dexterity (worn)
 T - the +0 mask of the Dragon (worn) {Will+ Slay+3 SInv}
   (You found it on level 3 of the Elven Halls)

   Slay:      It affects your accuracy & damage with ranged weapons and melee
   (+3).
   SInv:      It lets you see invisible.
   Will:      It increases your willpower.
Magical Staves
 r - a staff of conjuration (weapon)
Jewellery
 w - the ring "Lolukef" (right hand) {rF++ Str+3 SInv Stlth+}
   (You found it in an ice cave)

   [ring of see invisible]

   Str:       It affects your strength (+3).
   rF:        It greatly protects you from fire.
   SInv:      It lets you see invisible.
   Stlth:     It makes you more stealthy.
 x - a ring of wizardry
 G - the amulet of Twilight (around neck) {RegenMP Drain rC+++ Dex+5}
   (You found it on level 3 of the Lair of Beasts)

   [amulet of magic regeneration]

   It increases your rate of magic regeneration.
   Dex:       It affects your dexterity (+5).
   rC:        It renders you almost immune to cold.
   Drain:     It drains your maximum health when unequipped.
 K - the ring "Xiekeh" (left hand) {Int+6 Dex+3 SInv}
   (You found it on level 10 of a ziggurat)

   [ring of intelligence]

   Int:       It affects your intelligence (+6).
   Dex:       It affects your dexterity (+3).
   SInv:      It lets you see invisible.
 U - the ring "Ziherin" {Fly rElec rCorr Str+3}
   (You found it on level 1 of the Vaults)

   [ring of resist corrosion]

   Str:       It affects your strength (+3).
   rElec:     It insulates you from electricity.
   Fly:       It grants you flight.
   rCorr:     It protects you from acid and corrosion.
 V - the ring "Udumaosk" {+Blink MP+9 Dex+3}
   (You found it on level 5 of the Pits of Slime)

   [ring of magical power]

   Dex:       It affects your dexterity (+3).
   MP:        It affects your magic capacity (+9).
   +Blink:    It lets you blink.
Wands
 m - a wand of iceblast (54)
 n - a wand of paralysis (62)
 t - a wand of mindburst (53)
 y - a wand of quicksilver (61)
 D - a wand of flame (87)
 L - a wand of polymorph (26)
 X - a wand of digging (1)
Scrolls
 b - 6 scrolls of magic mapping
 c - 3 scrolls of brand weapon
 d - 5 scrolls of blinking
 e - 21 scrolls of poison
 f - 23 scrolls of vulnerability
 g - 11 scrolls of fear
 h - 11 scrolls of immolation
 i - 14 scrolls of teleportation
 k - 13 scrolls of noise
 q - 16 scrolls of fog
 E - 25 scrolls of enchant weapon
 F - 14 scrolls of enchant armour
 M - 2 scrolls of silence
 O - 2 scrolls of torment
 Q - 4 scrolls of amnesia
 Z - 4 scrolls of butterflies
Potions
 l - 12 potions of berserk rage
 p - 8 potions of mutation
 s - 3 potions of haste
 u - 8 potions of flight
 v - 10 potions of cancellation
 z - 8 potions of might
 H - 6 potions of ambrosia
 I - 4 potions of brilliance
 J - 12 potions of lignification
 P - 2 potions of invisibility
 R - 15 potions of curing
 S - a potion of resistance
 Y - 2 potions of heal wounds


   Skills:
 + Level 12.1 Fighting
 + Level 5.3 Throwing
 + Level 11.7 Dodging
 - Level 1.7 Stealth
 + Level 17.1 Shields
 - Level 18.0 Spellcasting
 * Level 23.1 Conjurations
 - Level 3.0 Hexes
 - Level 18.0 Necromancy
 - Level 3.0 Translocations
 - Level 15.0 Transmutations
 - Level 18.0 Fire Magic
 - Level 12.0 Air Magic
 - Level 18.0 Earth Magic


You had 4 spell levels left.
You knew the following spells:

 Your Spells              Type           Power      Damage    Failure   Level
a - Iron Shot             Conj/Erth      78%        9d14      1%          6
b - Starburst             Conj/Fire      78%        6d20      1%          6
c - Ignition              Fire           62%        3d17      1%          8
d - Fire Storm            Conj/Fire      78%        8d20      11%         9
e - Magic Dart            Conj           100%       1d8       0%          1
f - Fireball              Conj/Fire      78%        3d29      0%          5
k - Blink                 Tloc           100%       N/A       1%          2
l - Lee's Rapid Deconstr  Erth           62%        3d29*     1%          5
m - Maxwell's Capacitive  Air            53%        ∞         21%         8
n - Necromutation         Tmut/Necr      60%        N/A       13%         8

Your spell library contained the following spells:

 Spells                   Type           Power      Damage    Failure   Level
 Shatter                  Erth           62%        3d46*     26%         9
 Beastly Appendage        Tmut           100%       N/A       0%          1
 Foxfire                  Conj/Fire      100%       2x1d9     0%          1
 Kiss of Death            Conj/Necr      100%       2d13      0%          1
 Necrotise                Necr           100%       1d9       0%          1
 Sandblast                Erth           100%       2d20      0%          1
 Shock                    Conj/Air       100%       1d9       0%          1
 Momentum Strike          Conj/Tloc      100%       3d10      0%          2
 Passwall                 Tmut/Erth      100%       N/A       0%          2
 Scorch                   Fire           100%       2d10      0%          2
 Searing Ray              Conj           100%       2d8       0%          2
 Static Discharge         Conj/Air       100%       2-7/arc   0%          2
 Sublimation of Blood     Necr           100%       N/A       0%          2
 Wereblood                Tmut           100%       N/A       0%          2
 Stone Arrow              Conj/Erth      100%       3d13      0%          3
 Vampiric Draining        Necr           100%       2d13      0%          3
 Animate Dead             Necr           100%       N/A       0%          4
 Dispel Undead            Necr           100%       3d31      0%          4
 Flame Wave               Conj/Fire      100%       2d21      0%          4
 Sticky Flame             Conj/Fire      100%       2d11      0%          4
 Apportation              Tloc           100%       N/A       1%          1
 Freeze                   Ice            100%       1d10      1%          1
 Slow                     Hex            100%       N/A       1%          1
 Sting                    Tmut/Pois      100%       1d8       1%          1
 Summon Small Mammal      Summ           100%       N/A       1%          1
 Cigotuvi's Dreadful Rot  Necr/Pois/Air  100%       N/A       1%          2
 Ensorcelled Hibernation  Hex/Ice        100%       N/A       1%          2
 Lesser Beckoning         Tloc           100%       N/A       1%          2
 Poisonous Vapours        Pois/Air       100%       N/A       1%          2
 Confusing Touch          Hex            68%        N/A       1%          3
 Dazzling Flash           Conj/Hex       100%       N/A       1%          3
 Gell's Gravitas          Tloc           68%        N/A       1%          3
 Hailstorm                Conj/Ice       100%       3d20      1%          3
 Ignite Poison            Fire/Tmut/Pois 100%       N/A       1%          3
 Inner Flame              Hex/Fire       100%       N/A       1%          3
 Kindle Blastsparks       Fire/Tloc/Air  100%       2d18      1%          3
 Mephitic Cloud           Conj/Pois/Air  100%       N/A       1%          3
 Portal Projectile        Hex/Tloc       100%       N/A       1%          3
 Spider Form              Tmut/Pois      90%        N/A       1%          3
 Swiftness                Air            100%       N/A       1%          3
 Teleport Other           Tloc           68%        N/A       1%          3
 Tukima's Dance           Hex            68%        N/A       1%          3
 Vhi's Electric Charge    Tloc/Air       100%       N/A       1%          3
 Animate Armour           Summ/Erth      100%       N/A       1%          4
 Fulminant Prism          Conj/Hex       67%        3d28      1%          4
 Ice Form                 Ice/Tmut       90%        N/A       1%          4
 Iskenderun's Mystic Bla  Conj/Tloc      100%       2d19      1%          4
 Leda's Liquefaction      Hex/Erth       51%        N/A       1%          4
 Petrify                  Tmut/Erth      100%       N/A       1%          4
 Summon Guardian Golem    Hex/Summ       58%        N/A       2%          3
 Call Canine Familiar     Summ           47%        N/A       4%          3
 Ozocubu's Armour         Ice            47%        N/A       4%          3
 Manifold Assault         Tloc           68%        N/A       4%          4
 Olgreb's Toxic Radiance  Pois           47%        N/A       4%          4
 Summon Ice Beast         Ice/Summ       47%        N/A       17%         4
 Irradiate                Conj/Tmut      76%        3d37      0%          5
 Iskenderun's Battlesphe  Conj           100%       2d15      0%          5
 Agony                    Necr           100%       N/A       1%          5
 Blade Hands              Tmut           58%        N/A       1%          5
 Borgnjor's Vile Clutch   Necr/Erth      62%        N/A       1%          5
 Freezing Cloud           Conj/Ice/Air   65%        6-21      1%          5
 Yara's Violent Unravell  Hex/Tmut       48%        3d19      1%          5
 Conjure Ball Lightning   Conj/Air       74%        3x3d27    1%          6
 Death Channel            Necr           62%        N/A       1%          6
 Statue Form              Tmut/Erth      80%        N/A       1%          6
 Orb of Destruction       Conj           81%        9d18      1%          7
 Lehudib's Crystal Spear  Conj/Erth      78%        10d18     1%          8
 Alistair's Intoxication  Tmut/Pois      60%        N/A       2%          5
 Silence                  Hex/Air        45%        N/A       2%          5
 Eringya's Noxious Bog    Tmut/Pois      45%        N/A       3%          6
 Dragon Form              Tmut           58%        N/A       3%          7
 Spellforged Servitor     Conj/Summ      64%        N/A       3%          7
 Simulacrum               Ice/Necr       48%        N/A       6%          6
 Borgnjor's Revivificati  Necr           62%        N/A       7%          8
 Infestation              Necr           62%        N/A       7%          8
 Metabolic Englaciation   Hex/Ice        29%        N/A       26%         5
 Summon Forest            Summ/Tloc      29%        N/A       26%         5
 Summon Mana Viper        Hex/Summ       58%        N/A       26%         5
 Haunt                    Necr/Summ      48%        N/A       34%         7
 Dispersal                Tloc           34%        N/A       58%         6
 Death's Door             Necr           62%        N/A       71%         9
 Summon Cactus Giant      Summ           23%        N/A       95%         6
 Enfeeble                 Hex            34%        N/A       99%         7
 Malign Gateway           Summ/Tloc      29%        N/A       100%        7
 Monstrous Menagerie      Summ           23%        N/A       100%        7
 Summon Hydra             Summ           23%        N/A       100%        7
 Discord                  Hex            34%        N/A       100%        8
 Disjunction              Tloc           34%        N/A       100%        8
 Summon Horrible Things   Summ           23%        N/A       100%        8


Dungeon Overview and Level Annotations

Branches:
Dungeon (15/15)            Temple (1/1) D:5            Lair (5/5) D:10
  Swamp (4/4) Lair:3       Spider (4/4) Lair:3        Slime (5/5) Lair:5
    Orc (2/2) D:11            Elf (3/3) Orc:2        Vaults (5/5) D:13
  Crypt (3/3) Vaults:2       Tomb (1/3) Crypt:3      Depths (4/4) D:15
    Zot (5/5) Depths:4     Bailey (visited)           IceCv (visited)

Altars:
Ashenzari
Cheibriados
Dithmenos
Fedhas
Gozag
Hepliaklqana
Kikubaaqudgha
Makhleb
Nemelex Xobeh
Okawaru
Qazlal
Ru
Sif Muna
Trog
Uskayaw
Vehumet
Wu Jian
Xom
Yredelemnul
Lugonu

Shops:
D:13 *   D:15 =   Orc:1 (*[([   Orc:2 **[(   Vaults:1 (   Vaults:5 !?   Zot:2 *
Depths:2 (:

Portals:
Hell: Depths:1 Depths:2 Depths:3 Depths:4
Abyss: Lair:4 Depths:3
Pandemonium: Depths:2

Annotations:
D:5 1 runed translucent door, Crazy Yiuf


Innate Abilities, Weirdness & Mutations

You have hooves in place of feet.
You can hurl damnation.
A meltable icy envelope protects you from harm. (AC +0)
You are resistant to unholy torment.
When hurt, damage is shared between your health and your magic reserves.
You regenerate magic rapidly.
When low on magic, you restore magic in place of health.
When seriously injured, your blood forms very thick armour. (AC +12)
A meltable shield of frost defends you. (SH +0)
You punish those that try to bend your will. (Will+)
Your muscles are strong. (Str +4, Int/Dex -1)
You have hidden genetic potential.


Message History

* * * LOW HITPOINT WARNING * * *
The merfolk javelineer throws a silver javelin.
The silver javelin pierces through you!
* * * LOW HITPOINT WARNING * * *
The silver sears you!
* * * LOW HITPOINT WARNING * * *
The moth of wrath goads the six-headed hydra on!
The six-headed hydra goes berserk!
You feel much better.
The merfolk javelineer throws a silver javelin.
The silver javelin pierces through you!
* * * LOW HITPOINT WARNING * * *
The silver sears you!
* * * LOW HITPOINT WARNING * * *
You block the salamander mystic's attack.
Your shield discharges, shocking the salamander mystic!
The merfolk javelineer throws a silver javelin.
The silver javelin barely misses you.
You hear an angry hiss.
Okay, then.
Blink to where?
Press: ? - help, Dir - move target A merfolk javelineer and a swamp dragon come into view.
The merfolk javelineer is wielding a +0 spear and quivering silver javelins.
As you read the scroll of blinking, it crumbles to dust.
The merfolk javelineer shouts!
The merfolk javelineer throws a silver javelin.
The silver javelin completely misses you.
A black mamba comes into view.
A ghost moth comes into view.
The moth of wrath goads the eight-headed hydra on!
The eight-headed hydra goes berserk!
The merfolk javelineer throws a silver javelin.
The silver javelin misses you. The nagaraja spits poison at you.
You block the splash of poison.
The merfolk javelineer throws a silver javelin.
The silver javelin pierces through you!!
* * * LOW HITPOINT WARNING * * *
The silver sears you!
You die...

▓▓▓▓▓▓▓▓▓
........▓
........▓
........▓
.......@▓▓▓▓▓▓▓▓
...............▓
.........D.....▓
yD.........D.N§▓
S.m.......y..N.▓
...........y.†.▓
......mm..††.†∩▓
.........†m....▓
........▓


You could see a nagaraja (fast, catching breath), 4 merfolk javelineers, an
eight-headed hydra (berserk), a six-headed hydra (berserk), a ghost moth
(wandering, invisible), a swamp dragon, a salamander mystic, 2 moths of wrath
and a black mamba (wandering).

Vanquished Creatures
  the Royal Jelly (Slime:5)
  6 dread liches
  3 orbs of fire
  7 ancient liches
  Mara (Spider:3)
  A juggernaut (Depths:3)
  Sojobo (Vaults:5)
  Josephina (Zot:1)
  A royal mummy (Tomb:1)
  The ghost of Odimm the Impregnable, a master GrFi of Ashenzari (Depths:3)
  A shard shrike (shapeshifter) (Vaults:5)
  Bai Suzhen (Swamp:3)
  Xtahua (Depths:4)
  Parghit (Zot:3)
  11 Killer Klowns
  6 caustic shrikes
  5 curse toes
  Margery (Depths:4)
  Nikola (Swamp:3)
  12 golden dragons
  2 bone dragons
  Arachne (Spider:3)
  An electric golem (Zot:5)
  A hellephant (Zig:6)
  10 tentacled monstrosities
  25 Orb Guardians (Zot:5)
  10 liches
  6 titans (Vaults:5)
  A walking frostbound tome (Depths:3)
  4 deep elf blademasters (Elf:3)
  2 deep elf master archers (Elf:3)
  7 death cobs
  23 acid blobs
  10 ancient champions
  7 quicksilver dragons
  A thorn hunter (Swamp:4)
  12 sphinxes
  6 tengu reavers
  Agnes (Spider:3)
  Roxanne (Swamp:4)
  9 shadow dragons
  15 azure jellies
  3 revenants
  17 storm dragons
  11 fire giants
  12 rockslimes
  A nagaraja (Zig:14)
  3 draconian knights
  A fenstrider witch (Swamp:4)
  5 draconian monks
  10 draconian scorchers
  8 emperor scorpions
  15 vault wardens
  Louise (Spider:1)
  9 deep elf sorcerers
  17 ghost moths
  4 frost giants
  5 draconian stormcallers
  3 curse skulls
  5 deep elf elementalists
  11 ghouls
  Aizul (Swamp:3)
  10 draconian shifters
  A reaper (Crypt:2)
  3 war gargoyles
  13 stone giants
  A caustic shrike skeleton (Crypt:1)
  20 ironbound preservers
  2 spriggan defenders (Depths:2)
  11 draconian annihilators
  22 quicksilver oozes
  11 very ugly things
  2 broodmothers (Zig:11)
  6 ironbound thunderhulks
  7 vampire knights
  4 eleionomae
  5 deep elf demonologists
  9 deep elf annihilators
  11 red draconians
  5 bunyips
  Azrael (D:14)
  12 green draconians
  14 black draconians
  2 dire elephants (Zig:6)
  12 purple draconians
  2 eidola
  13 spark wasps
  9 white draconians
  7 yellow draconians
  A dire elephant (shapeshifter) (Zig:4)
  10 ettins
  13 deep elf death magi
  5 mummy priests (Tomb:1)
  7 jiangshi
  4 merfolk javelineers (Zig:12)
  5 entropy weavers
  2 deep elf high priests
  A spectral fenstrider witch (Crypt:3)
  5 fire dragons
  A spectral spriggan (Crypt:3)
  18 hydras
  Harold (Orc:1)
  16 yaktaur captains
  30 vault guards
  7 ogre magi
  3 rakshasas
  3 shambling mangroves
  5 spriggan air magi
  A salamander tyrant (Elf:1)
  6 boulder beetles
  4 catoblepae
  8 ice dragons
  A fenstrider witch skeleton (Crypt:2)
  2 jorogumos (Zig:11)
  A peacekeeper (Vaults:4)
  3 spriggan skeletons (Crypt:1)
  13 great orbs of eyes
  6 ironbound frosthearts
  11 alligators
  A merfolk aquamancer (Depths:2)
  4 satyrs (Zig:12)
  6 radroaches
  2 death knights
  33 dancing weapons
  Erolcha (Orc:1)
  5 centaur warriors
  5 tengu warriors
  4 two-headed ogres
  9 death yaks
  8 deep troll shamans
  22 death scarabs (Tomb:1)
  6 deep troll earth magi
  4 spriggan berserkers
  2 vampire magi (Crypt:2)
  5 orc high priests
  12 spriggans
  A spectral naga (Crypt:3)
  29 hell knights
  A naga sharpshooter (Zig:12)
  A shock serpent (Zig:14)
  Sonja (Lair:2)
  7 soul eaters
  A sun demon (Depths:2)
  24 deep elf knights
  Nergalle (Lair:2)
  15 shadow wraiths
  A fire crab (shapeshifter) (Elf:3)
  A sixfirhy (Depths:2)
  21 skeletal warriors
  9 iron trolls
  4 flayed ghosts
  6 pharaoh ants
  46 deep trolls
  5 goliath frogs
  A crystal echidna (Zig:13)
  A goliath frog (shapeshifter) (Vaults:5)
  A sea snake (Zig:14)
  A sun moth (Spider:3)
  3 spriggan druids
  7 glowing orange brains
  An obsidian statue (D:12)
  An anaconda zombie (Crypt:1)
  15 swamp dragons
  14 orb spiders
  10 wizards
  3 wolf spider zombies (Spider:4)
  An orb spider (shapeshifter) (Depths:1)
  13 deep elf archers
  16 lindwurms
  26 phantasmal warriors
  2 spectral wolf spiders (Spider:4)
  A bunyip skeleton (Crypt:2)
  A lindwurm (shapeshifter) (Vaults:5)
  2 orange crystal statues
  2 anaconda skeletons (Crypt:1)
  31 deep elf zephyrmancers
  26 deep elf pyromancers
  6 steelbarb worms
  4 bog bodies
  3 harpies (Vaults:2)
  13 necromancers
  15 ironbound convokers
  A manticore (shapeshifter) (Zig:4)
  7 orc knights
  A tengu skeleton (Crypt:1)
  3 fauns (Zig:12)
  39 ugly things
  5 cyclopes
  6 shining eyes
  7 orc sorcerers
  2 manticores
  28 elephants
  28 moths of wrath
  5 will-o-the-wisps
  36 wolf spiders
  Maurice (D:13)
  A jorogumo skeleton (Crypt:3)
  18 black mambas
  20 vault sentinels
  12 demonic crawlers
  An ice statue (Spider:4)
  A gargoyle (D:14)
  5 torpor snails
  4 naga skeletons
  A smoke demon (Depths:2)
  A torpor snail (shapeshifter) (Depths:4)
  2 guardian serpents
  20 cane toads
  A centaur skeleton (Crypt:1)
  A dire elephant skeleton (Crypt:1)
  A hellion (Depths:2)
  Psyche (D:9)
  43 yaktaurs
  A steelbarb worm zombie (Crypt:3)
  5 rime drakes
  11 tengu conjurers
  8 freezing wraiths
  12 komodo dragons
  6 guardian mummies (Tomb:1)
  A death yak skeleton (Crypt:3)
  A silent spectre (Depths:2)
  A harpy zombie (Crypt:2)
  A purple draconian skeleton (Crypt:2)
  An unseen horror skeleton (Crypt:1)
  A polar bear (Lair:2)
  3 trolls
  A hellwing (Depths:2)
  4 wolf spider simulacra (Spider:4)
  3 meliai (D:15)
  A tyrant leech (shapeshifter) (Depths:3)
  18 hornets
  10 tyrant leeches
  17 blink frogs
  26 tarantellas
  3 harpy skeletons (Crypt:1)
  2 ettin zombies
  An ice dragon zombie (Crypt:1)
  A spectral black mamba (Crypt:3)
  A raiju (shapeshifter) (Elf:3)
  88 slime creatures
  A meliai zombie (Crypt:1)
  9 water elementals
  2 ettin skeletons (Crypt:1)
  An alligator skeleton (Crypt:2)
  2 centaur simulacra
  A jumping spider (shapeshifter) (D:13)
  39 flying skulls
  40 jumping spiders
  9 shadows (Crypt:3)
  22 culicivoras
  A spriggan (shapeshifter) (Vaults:2)
  7 air elementals
  20 humans (D:13)
  A satyr skeleton (Crypt:1)
  13 wyverns
  A fire dragon skeleton (Crypt:1)
  A vampire (D:13)
  3 ynoxinuls (Depths:2)
  8 wraiths
  A black mamba zombie (Crypt:2)
  Eustachio (D:4)
  44 yaks
  3 ushabtiu (Tomb:1)
  3 basilisks
  2 black mamba skeletons (Crypt:1)
  6 golden eyes
  2 wind drake skeletons
  2 purple draconian simulacra (Zot:1)
  73 redbacks
  5 fire elementals
  A redback (shapeshifter) (Elf:1)
  5 chaos spawn
  4 vampire mosquitoes (D:13)
  18 swamp worms
  5 wargs
  Menkaure (D:4)
  A red draconian simulacrum (Zot:1)
  A swamp worm (shapeshifter) (Depths:4)
  A naga zombie (Crypt:1)
  A floating eye (Depths:3)
  4 acid dragons
  21 water moccasins
  A fire bat zombie (Crypt:1)
  Duvessa (D:4)
  A hydra simulacrum (Crypt:2)
  A hell hound (D:14)
  A two-headed ogre skeleton (Crypt:2)
  A demonspawn skeleton (Crypt:1)
  A deep troll skeleton (Crypt:3)
  An entropy weaver zombie (Crypt:3)
  41 orc warriors
  A swamp drake (shapeshifter) (Vaults:5)
  5 ice beasts
  3 black bears
  7 swamp drakes
  2 boggarts (Vaults:3)
  22 wolves
  4 great orb of eyes simulacra (IceCv)
  9 ogres
  19 centaurs
  2 slime creature simulacra (IceCv)
  An elephant skeleton (Crypt:1)
  5 phantoms
  A komodo dragon zombie (Crypt:3)
  A rime drake skeleton (Crypt:3)
  4 kobold brigands
  2 necrophages
  12 bullfrogs
  5 earth elementals
  4 scorpions
  6 glowing shapeshifter simulacra (IceCv)
  8 wights
  A hornet simulacrum (D:15)
  A shapeshifter zombie (Crypt:3)
  A troll zombie (D:11)
  Dowan (D:4)
  A yak zombie (Crypt:2)
  8 killer bees
  14 electric eels
  A polar bear skeleton (Crypt:2)
  23 orc priests
  3 hounds
  4 jellies
  A gnoll bouda (D:9)
  A human zombie (Crypt:1)
  5 iguanas
  32 orc wizards
  Natasha (thrice) (D:2)
  5 hell rats (Lair:4)
  7 ogre zombies (D:11)
  8 mummies
  8 gnolls
  9 adders
  A shadow imp (D:8)
  6 white imps
  2 ufetubi
  A lava snake skeleton (Crypt:1)
  3 worms
  A dart slug (D:2)
  92 orcs
  5 endoplasms
  4 giant cockroaches
  8 goblins
  11 hobgoblins
  7 jackals
  6 quokkas (D:1)
  4 ball pythons
  8 bats
  4 frilled lizards
  A goblin skeleton (D:11)
  2 goblin zombies (D:11)
  A hobgoblin skeleton (D:11)
  4 hobgoblin zombies (D:11)
  A jackal skeleton (Crypt:3)
  A jackal zombie (Crypt:3)
  52 kobolds
  A kobold skeleton (Crypt:1)
  A kobold zombie (Crypt:2)
  4 orc skeletons (D:11)
  12 orc zombies (D:11)
  7 rats
  14 briar patches (Lair:3)
  A fulminant prism (D:14)
  2 lurking horrors (Lair:4)
2783 creatures vanquished.

Vanquished Creatures (collateral kills)
  A caustic shrike (Depths:3)
  A golden dragon (Vaults:5)
  A bone dragon (Depths:4)
  An electric golem (Zot:5)
  A quicksilver dragon (Zot:1)
  2 acid blobs (Slime:5)
  A shadow dragon (Depths:4)
  A revenant (Tomb:1)
  2 draconian knights
  A draconian shifter (Depths:4)
  2 ghouls (Crypt:2)
  2 deep elf demonologists
  A spectral titan (Crypt:3)
  A spark wasp (Depths:2)
  A red draconian (Zot:1)
  A deep elf death mage (Elf:3)
  A yaktaur captain (Vaults:5)
  A fenstrider witch skeleton (Crypt:1)
  A naga sharpshooter (Zig:12)
  A soul eater (Depths:2)
  A storm dragon skeleton (Crypt:1)
  A phantasmal warrior (Crypt:3)
  A deep elf pyromancer (Elf:3)
  A sphinx skeleton (Crypt:1)
  A stone giant skeleton (Crypt:1)
  A storm dragon simulacrum (Zot:1)
  A naga skeleton (Crypt:1)
  2 wraiths
  A shadow (Crypt:3)
  2 floating eyes
  An ettin simulacrum (Crypt:2)
  6 mummies (Tomb:1)
  A gnoll zombie (Crypt:2)
44 creatures vanquished.

Vanquished Creatures (others)
  An eldritch tentacle (Zot:5)
  A phantasmal warrior (Vaults:5)
  A flying skull (Tomb:1)
  A water elemental (Elf:1)
  A human (Depths:2)
  2 boggarts (Vaults:3)
  654 fire vortices
  22 foxfires
  44 fulminant prisms
  62 fungi
  116 plants
905 creatures vanquished.

Grand Total: 3732 creatures vanquished

Notes
Turn   | Place    | Note
-------+----------+-------------------------------------------
     0 | D:1      | luigi the Demonspawn Conjurer began the quest for the Orb.
     0 | D:1      | Reached XP level 1. HP: 13/13 MP: 3/3
   181 | D:1      | Gained mutation: A meltable shield of frost defends you.
                  | (SH +0) [demonic ancestry]
   181 | D:1      | Reached XP level 2. HP: 19/19 MP: 3/5
   184 | D:1      | Learned a level 2 spell: Searing Ray
  1316 | D:1      | Gained mutation: When seriously injured, your blood forms
                  | armour. (AC +12) [demonic ancestry]
  1316 | D:1      | Reached XP level 3. HP: 24/24 MP: 4/7
  2438 | D:2      | Gained mutation: When seriously injured, your blood forms
                  | thick armour. (AC +12) [demonic ancestry]
  2438 | D:2      | Reached XP level 4. HP: 30/30 MP: 1/8
  2511 | D:2      | Reached skill level 5 in Conjurations
  2943 | D:2      | Found an ancient bone altar of Kikubaaqudgha.
  3282 | D:3      | Noticed Natasha
  3307 | D:2      | Learned a level 4 spell: Fulminant Prism
  3378 | D:3      | Gained mutation: Your magical capacity is low. (-10% MP)
                  | [potion of mutation]
  3378 | D:3      | Gained mutation: You are vulnerable to heat. (rF-) [potion
                  | of mutation]
  3392 | D:2      | HP: 1/30 [white imp/puff of frost[Natasha] (1)]
  3394 | D:2      | Killed Natasha
  3779 | D:2      | Found an ancient bone altar of Kikubaaqudgha.
  3795 | D:2      | Noticed Natasha
  3808 | D:2      | Killed Natasha
  3809 | D:2      | Reached skill level 1 in Hexes
  3809 | D:2      | Gained mutation: You have large cloven feet. [demonic
                  | ancestry]
  3809 | D:2      | Reached XP level 5. HP: 32/35 MP: 3/9
  4052 | D:2      | Noticed Natasha
  4057 | D:2      | Killed Natasha
  4410 | D:2      | Found an ancient bone altar of Kikubaaqudgha.
  4802 | D:2      | Learned a level 4 spell: Iskenderun's Mystic Blast
  5486 | D:4      | Noticed Menkaure
  5494 | D:4      | Noticed Duvessa
  5494 | D:4      | Noticed Dowan
  5894 | D:4      | Reached skill level 1 in Translocations
  5894 | D:4      | Reached XP level 6. HP: 19/41 MP: 2/10
  6140 | D:4      | Noticed Eustachio
  6151 | D:5      | Entered Level 5 of the Dungeon
  6488 | D:5      | Reached XP level 7. HP: 32/46 MP: 4/12
  6553 | D:5      | Reached skill level 6 in Conjurations
  7085 | D:5      | Found a staircase to the Ecumenical Temple.
  7255 | Temple   | Entered the Ecumenical Temple
  7467 | Temple   | Became a worshipper of Vehumet
  7587 | D:5      | Found a runed translucent door.
  7588 | D:5      | Noticed Crazy Yiuf
  7821 | D:6      | Reached skill level 5 in Spellcasting
  8148 | D:6      | Found a burning altar of Makhleb.
  8149 | D:6      | Found a shimmering blue altar of Sif Muna.
  8167 | D:6      | Reached skill level 7 in Conjurations
  8167 | D:6      | Reached XP level 8. HP: 52/52 MP: 6/14
  8986 | D:6      | Found a sparkling altar of Nemelex Xobeh.
  9581 | D:4      | Killed Eustachio
  9777 | D:4      | Killed Dowan
  9930 | D:4      | Reached skill level 8 in Conjurations
  9930 | D:4      | Killed Menkaure
 10523 | D:4      | Killed Duvessa
 10768 | D:4      | Lost mutation: You are vulnerable to heat. (rF-) [potion of
                  | mutation]
 10768 | D:4      | Lost mutation: Your magical capacity is low. (-10% MP)
                  | [potion of mutation]
 10768 | D:4      | Gained mutation: Your muscles are strong. (Str +4, Int/Dex
                  | -1) [potion of mutation]
 10982 | D:7      | Gained mutation: You regenerate magic rapidly. [demonic
                  | ancestry]
 10982 | D:7      | Reached XP level 9. HP: 56/57 MP: 11/19
 10993 | D:7      | Reached * piety under Vehumet
 10993 | D:7      | Offered knowledge of Shock by Vehumet.
 11180 | D:7      | Reached skill level 9 in Conjurations
 12338 | D:8      | Reached skill level 1 in Fighting
 13117 | D:8      | Identified the +1 robe of Fityon {Str+3 Dex-4 SInv}
 14042 | D:9      | Noticed Psyche
 14047 | D:9      | Killed Psyche
 14093 | D:9      | Found a stormy altar of Qazlal.
 14219 | D:9      | Offered knowledge of Sandblast by Vehumet.
 14229 | D:9      | Reached ** piety under Vehumet
 14237 | D:9      | Reached XP level 10. HP: 39/70 MP: 5/22
 15312 | D:10     | Entered Level 10 of the Dungeon
 15312 | D:10     | Found a flagged portal.
 15328 | Bailey   | Entered a bailey
 15827 | D:10     | Offered knowledge of Stone Arrow by Vehumet.
 15841 | D:10     | Reached skill level 5 in Dodging
 15895 | D:10     | Reached skill level 5 in Fighting
 16126 | D:10     | Found a staircase to the Lair.
 16245 | D:10     | Reached *** piety under Vehumet
 16298 | D:10     | Reached skill level 10 in Conjurations
 17072 | D:11     | Noticed a manticore
 17082 | D:11     | Killed a manticore
 17182 | D:11     | Noticed a boulder beetle
 17216 | D:10     | Killed a boulder beetle
 17322 | D:11     | Gained mutation: A meltable icy envelope protects you from
                  | harm. (AC +0) [demonic ancestry]
 17322 | D:11     | Reached XP level 11. HP: 83/83 MP: 11/23
 17403 | D:11     | Offered knowledge of Airstrike by Vehumet.
 17566 | D:11     | Noticed a two-headed ogre
 17577 | D:11     | Killed a two-headed ogre
 17745 | D:11     | Reached **** piety under Vehumet
 17807 | D:11     | Found a staircase to the Orcish Mines.
 17859 | D:11     | Offered knowledge of Fireball by Vehumet.
 17919 | D:11     | Noticed a two-headed ogre
 17927 | D:11     | Killed a two-headed ogre
 18541 | D:11     | Learned a level 5 spell: Fireball
 18846 | Orc:1    | Entered Level 1 of the Orcish Mines
 18846 | Orc:1    | Noticed an ettin
 18846 | Orc:1    | Noticed an orc sorcerer
 18892 | Lair:1   | Entered Level 1 of the Lair of Beasts
 18895 | Lair:1   | Reached skill level 1 in Fire Magic
 19298 | Lair:1   | Reached skill level 5 in Fire Magic
 19782 | Lair:1   | You fall into a shaft and drop 1 floor!
 19856 | Lair:1   | Gained mutation: When hurt, damage is shared between your
                  | health and your magic reserves. [demonic ancestry]
 19856 | Lair:1   | Reached XP level 12. HP: 91/91 MP: 16/25
 20322 | Lair:2   | Noticed Nergalle
 20326 | Lair:2   | Killed Nergalle
 20904 | Lair:2   | Reached skill level 10 in Fire Magic
 21381 | Lair:2   | Noticed Sonja
 21383 | Lair:2   | Killed Sonja
 21624 | Lair:3   | Reached ***** piety under Vehumet
 21644 | Lair:3   | Offered knowledge of Starburst by Vehumet.
 21778 | Lair:3   | Found a transporter.
 21846 | Lair:3   | Reached skill level 11 in Conjurations
 21960 | Lair:3   | Learned a level 6 spell: Starburst
 22166 | Lair:3   | Gained mutation: You have hoof-like feet. [demonic
                  | ancestry]
 22166 | Lair:3   | Reached XP level 13. HP: 98/98 MP: 21/26
 23016 | Lair:3   | Reached skill level 10 in Spellcasting
 23024 | Lair:3   | Found a staircase to the Swamp.
 23193 | Lair:3   | Found a transporter.
 23354 | Lair:3   | Found a hole to the Spider Nest.
 23953 | Lair:3   | Identified the amulet of Twilight {RegenMP Drain rC+++
                  | Dex+5}
 24203 | Lair:4   | Found a stormy altar of Qazlal.
 24490 | Lair:4   | Offered knowledge of Iskenderun's Battlesphere by Vehumet.
 24625 | Lair:4   | Found a one-way gate to the infinite horrors of the Abyss.
 24626 | Lair:4   | Found a corrupted altar of Lugonu.
 24781 | Lair:4   | Reached skill level 12 in Conjurations
 25286 | Lair:5   | Entered Level 5 of the Lair of Beasts
 25390 | Lair:5   | Gained mutation: You have hooves in place of feet. [demonic
                  | ancestry]
 25390 | Lair:5   | Reached XP level 14. HP: 109/109 MP: 15/28
 25481 | Lair:5   | Reached skill level 10 in Fighting
 25732 | Lair:5   | Offered knowledge of Irradiate by Vehumet.
 25734 | Lair:5   | Reached skill level 10 in Dodging
 26134 | Lair:5   | Found a staircase to the Slime Pits.
 26485 | Lair:5   | Identified the +1 robe of Qeca {Rampage SInv}
 26751 | Orc:1    | Reached skill level 1 in Air Magic
 26751 | Orc:1    | Reached skill level 1 in Earth Magic
 26840 | Orc:1    | Found Sarosynk's Antique Weapon Emporium.
 26892 | Orc:1    | Found Jirepnaxaa's Antique Armour Shop.
 26893 | Orc:1    | Noticed Erolcha
 26898 | Orc:1    | Killed Erolcha
 26983 | Orc:1    | Bought a pair of embroidered gloves for 225 gold pieces
 26998 | Orc:1    | Found Wyll's General Store.
 27098 | Orc:1    | Found Gonoq's Weapon Emporium.
 27175 | Orc:1    | Found Fuiw's Antique Armour Shoppe.
 27324 | Orc:1    | Noticed Harold
 27328 | Orc:1    | Killed Harold
 27511 | Orc:2    | Entered Level 2 of the Orcish Mines
 27651 | Orc:2    | Found a staircase to the Elven Halls.
 27837 | Orc:2    | Found Rucrolerr's Weapon Emporium.
 28140 | Orc:2    | Found Nuak's Armour Emporium.
 28156 | Orc:2    | Found Ucloorue's Assorted Antiques.
 28162 | Orc:2    | Bought an embroidered robe for 99 gold pieces
 28162 | Orc:2    | Bought a pair of crude gloves for 256 gold pieces
 28162 | Orc:2    | Identified the +1 pair of gloves of Xeahaqit {rF+ rC+
                  | Dex-4} (You bought it in a shop on level 2 of the Orcish
                  | Mines)
 28174 | Orc:2    | Found Mys Tiloati's Assorted Antiques.
 28254 | Orc:2    | Found a staircase to the Elven Halls.
 28470 | Orc:2    | Found Rucrolerr's Weapon Emporium.
 28482 | Orc:2    | Found Mys Tiloati's Assorted Antiques.
 28486 | Orc:2    | Bought a scroll labelled VUEPON ZOWOAJOARICK for 34 gold
                  | pieces
 28486 | Orc:2    | Bought a scroll labelled IFEURA NYUFAQI for 34 gold pieces
 28486 | Orc:2    | Bought a scroll labelled IFEURA NYUFAQI for 34 gold pieces
 28510 | Orc:2    | Bought a scroll of identify for 68 gold pieces
 28510 | Orc:2    | Bought a scroll of identify for 68 gold pieces
 28579 | Orc:1    | Bought a scroll of identify for 28 gold pieces
 28659 | Orc:1    | Reached XP level 15. HP: 97/115 MP: 15/31
 28992 | D:12     | Reached skill level 5 in Air Magic
 28992 | D:12     | Reached skill level 5 in Earth Magic
 29166 | D:12     | Offered knowledge of Ozocubu's Refrigeration by Vehumet.
 29466 | D:12     | Found a snail-covered altar of Cheibriados.
 29580 | D:13     | Noticed Maurice
 30262 | D:13     | Found Zin's Purification Station.
 30271 | D:13     | Killed Maurice
 30644 | D:13     | Found a gate to the Vaults.
 31348 | D:14     | Noticed Azrael
 31357 | D:14     | Killed Azrael
 31677 | D:14     | Reached ****** piety under Vehumet
 31677 | D:14     | Offered knowledge of Lightning Bolt by Vehumet.
 32377 | D:15     | Entered Level 15 of the Dungeon
 32642 | D:15     | Found Lodoetay's Jewellery Shop.
 33360 | D:15     | Gained mutation: You punish those that try to bend your
                  | will. (Will+) [demonic ancestry]
 33360 | D:15     | Reached XP level 16. HP: 108/122 MP: 15/32
 33560 | D:15     | Offered knowledge of Lee's Rapid Deconstruction by Vehumet.
 33675 | D:15     | Found a staircase to the Depths.
 33687 | D:15     | Learned a level 5 spell: Lee's Rapid Deconstruction
 34030 | Spider:1 | Entered Level 1 of the Spider Nest
 34450 | Spider:1 | Noticed Louise
 34456 | Spider:1 | Killed Louise
 34931 | Spider:2 | Reached skill level 10 in Air Magic
 34931 | Spider:2 | Reached skill level 10 in Earth Magic
 35481 | Spider:2 | Offered knowledge of Maxwell's Capacitive Coupling by
                  | Vehumet.
 35760 | Spider:1 | Learned a level 8 spell: Maxwell's Capacitive Coupling
 36966 | Spider:3 | Noticed Agnes
 36973 | Spider:3 | Killed Agnes
 37398 | Spider:3 | Noticed Arachne
 38286 | Spider:3 | Offered knowledge of Fire Storm by Vehumet.
 38286 | Spider:3 | Offered knowledge of Shatter by Vehumet.
 38286 | Spider:3 | Offered knowledge of Ignition by Vehumet.
 38810 | Spider:2 | Learned a level 8 spell: Ignition
 39362 | Spider:3 | Gained mutation: When seriously injured, your blood forms
                  | very thick armour. (AC +12) [demonic ancestry]
 39362 | Spider:3 | Reached XP level 17. HP: 128/128 MP: 17/33
 39450 | Spider:3 | Killed Arachne
 40779 | Spider:4 | Entered Level 4 of the Spider Nest
 40812 | Spider:4 | Noticed Mara
 40825 | Spider:4 | Noticed luigi's illusion
 40827 | Spider:3 | Noticed luigi's illusion
 41077 | Spider:4 | Found a frozen archway.
 41089 | IceCv    | Entered an ice cave
 41479 | IceCv    | Reached skill level 13 in Conjurations
 41584 | IceCv    | Found a viscous altar of Jiyva.
 41704 | IceCv    | Identified the ring "Lolukef" {rF++ Str+3 SInv Stlth+}
 41710 | IceCv    | Got the ring of Coronation {rC+ Str+4 Stlth+}
 42181 | Spider:3 | Noticed luigi's illusion
 42184 | Spider:3 | Killed Mara
 42417 | Spider:4 | Reached skill level 14 in Conjurations
 43329 | Spider:4 | Got a gossamer rune of Zot
 43400 | Spider:4 | Learned a level 9 spell: Fire Storm
 43614 | Swamp:1  | Entered Level 1 of the Swamp
 43617 | Swamp:1  | Gained mutation: When low on magic, you restore magic in
                  | place of health. [demonic ancestry]
 43617 | Swamp:1  | Reached XP level 18. HP: 134/134 MP: 33/35
 43847 | Swamp:1  | Reached skill level 15 in Conjurations
 44055 | Swamp:1  | You fall into a shaft and drop 1 floor!
 44060 | Swamp:2  | Noticed a tentacled monstrosity
 44838 | Swamp:2  | Killed a tentacled monstrosity
 45396 | Swamp:3  | Noticed Aizul
 45401 | Swamp:3  | Killed Aizul
 45765 | Swamp:3  | Noticed Bai Suzhen
 45772 | Swamp:3  | Killed Bai Suzhen
 46293 | Swamp:4  | Entered Level 4 of the Swamp
 46338 | Swamp:4  | Noticed Nikola
 46340 | Swamp:4  | Noticed Roxanne
 46345 | Swamp:4  | Killed Roxanne
 46346 | Swamp:4  | Reached skill level 16 in Conjurations
 46373 | Swamp:3  | Killed Nikola
 47668 | Swamp:4  | Got a decaying rune of Zot
 48100 | Vaults:1 | Entered Level 1 of the Vaults
 48232 | Vaults:1 | Reached XP level 19. HP: 104/140 MP: 16/37
 48578 | Vaults:1 | Reached skill level 17 in Conjurations
 48921 | Vaults:1 | Found Woisoriv's Antique Weapon Emporium.
 49004 | Vaults:1 | Identified the ring "Ziherin" {Fly rElec rCorr Str+3}
 49024 | Vaults:1 | Identified the +1 arbalest "Eqaig" {penet, rF+ Dex+3}
 49209 | Vaults:2 | Identified the +2 scale mail of Camerghan {Int+3 Dex+2}
 49722 | Vaults:2 | Found a staircase to the Crypt.
 49722 | Vaults:2 | Found a basalt altar of Yredelemnul.
 49722 | Vaults:2 | Found an ancient bone altar of Kikubaaqudgha.
 49859 | Vaults:2 | Reached skill level 18 in Conjurations
 49929 | Vaults:2 | Identified the +1 buckler of a ziggurat {Will- Dex+5}
 50405 | Vaults:2 | Reached skill level 15 in Fire Magic
 50406 | Vaults:2 | Reached skill level 15 in Spellcasting
 51298 | Vaults:3 | Found a gateway to a bazaar.
 51344 | Bazaar   | Entered a bazaar
 51344 | Bazaar   | Found Kehiwk's General Store.
 51344 | Bazaar   | Found Puaxegh's Antique Armour Shoppe.
 51344 | Bazaar   | Found Awkann Ashit's Book Shop.
 51344 | Bazaar   | Found Ryraa's Distillery.
 51363 | Bazaar   | Found Urair's Armour Shop.
 51363 | Bazaar   | Found Nehot's Assorted Antiques.
 51390 | Bazaar   | Bought a book of Cantrips for 120 gold pieces
 51390 | Bazaar   | Bought a book of Geomancy for 180 gold pieces
 51390 | Bazaar   | Bought a book of Alchemy for 280 gold pieces
 51390 | Bazaar   | Bought a Necronomicon for 560 gold pieces
 51390 | Bazaar   | Bought a book of Displacement for 220 gold pieces
 51390 | Bazaar   | Bought the Treatise on Blasts for 340 gold pieces
 51398 | Bazaar   | Bought a scroll of teleportation for 72 gold pieces
 51398 | Bazaar   | Bought a scroll of teleportation for 72 gold pieces
 51398 | Bazaar   | Bought a potion of haste for 240 gold pieces
 51401 | Bazaar   | Bought a potion of heal wounds for 75 gold pieces
 51401 | Bazaar   | Bought a potion of heal wounds for 75 gold pieces
 51401 | Bazaar   | Bought 2 potions of lignification for 90 gold pieces
 51401 | Bazaar   | Bought a potion of resistance for 150 gold pieces
 51401 | Bazaar   | Bought a potion of magic for 120 gold pieces
 51401 | Bazaar   | Bought a potion of curing for 45 gold pieces
 51401 | Bazaar   | Bought a potion of ambrosia for 120 gold pieces
 51409 | Bazaar   | Bought a scroll of teleportation for 48 gold pieces
 51409 | Bazaar   | Bought a scroll of identify for 32 gold pieces
 51409 | Bazaar   | Bought a potion of curing for 48 gold pieces
 51591 | Vaults:3 | Identified the +1 robe "Bomoisk" {Will- rCorr Int+9 Dex-5}
 51610 | Vaults:3 | Found a radiant altar of Vehumet.
 51647 | Vaults:3 | Learned a level 6 spell: Iron Shot
 51647 | Vaults:3 | Identified the +1 robe of the Forest {Str+3}
 51790 | Vaults:3 | Reached XP level 20. HP: 147/147 MP: 31/39
 52326 | Vaults:4 | Reached skill level 19 in Conjurations
 53404 | Elf:1    | Entered Level 1 of the Elven Halls
 53475 | Elf:1    | Paralysed by an air elemental for 1 turns
 53526 | Elf:1    | Paralysed by an air elemental for 1 turns
 53843 | Elf:1    | Got the Book of Creation
 53873 | Elf:1    | Got Xyutuoxzo's Anthology of Cold
 53880 | Elf:1    | Got Sif Muna's Atlas of the Coals
 53891 | Elf:1    | Got the Volume of the Sky
 54897 | Elf:2    | Found a flickering gateway to a bazaar.
 54906 | Bazaar   | Entered a bazaar
 54906 | Bazaar   | Found Gejosesch's General Store.
 54906 | Bazaar   | Found Ruble's Antique Armour Emporium.
 54957 | Bazaar   | Found Madyriyrph's Jewellery Shoppe.
 54973 | Bazaar   | Found Apily's Jewellery Emporium.
 54977 | Bazaar   | Bought an ichor-stained robe for 148 gold pieces
 54977 | Bazaar   | Identified the +2 robe "Meaj" {rPois} (You bought it in a
                  | shop in a bazaar)
 55376 | Elf:2    | Found a runed translucent gate.
 55377 | Elf:2    | Found a runed translucent gate.
 55377 | Elf:2    | Found a runed translucent gate.
 56153 | Elf:3    | Entered Level 3 of the Elven Halls
 56251 | Elf:3    | Reached skill level 20 in Conjurations
 56321 | Elf:3    | Reached XP level 21. HP: 137/153 MP: 28/40
 56603 | Elf:3    | Identified the +10 quarterstaff of Doors {drain, rF+ Int+3}
 56603 | Elf:3    | Identified the ring of the Aged Lives {rElec rC+ rCorr
                  | Dex-5}
 56732 | Elf:3    | Identified the +8 quarterstaff of the Philosopher {drain,
                  | Str+3}
 56744 | Elf:3    | Identified the amulet "Jeohiruw" {Acrobat +Inv Slay+2}
 56753 | Elf:3    | Found the +5 Storm Queen's Shield {shock, Fly rElec}
 56753 | Elf:3    | Found the +0 mask of the Dragon {Will+ Slay+3 SInv}
 56764 | Elf:3    | Got the Book of Kinetic Energy and Conflagration
 56835 | Elf:3    | Identified the +1 chain mail "Ziphah" {Regen+ SInv}
 57706 | Vaults:5 | Entered Level 5 of the Vaults
 57716 | Vaults:5 | Noticed an ancient lich
 57719 | Vaults:5 | Killed an ancient lich
 57738 | Vaults:5 | Reached skill level 15 in Earth Magic
 57739 | Vaults:5 | Noticed an ancient lich
 57741 | Vaults:5 | Killed an ancient lich
 57742 | Vaults:5 | Reached skill level 21 in Conjurations
 57748 | Vaults:5 | Noticed a golden dragon
 57752 | Vaults:5 | Killed a golden dragon
 57758 | Vaults:5 | Noticed Sojobo
 57760 | Vaults:5 | Noticed a golden dragon
 57761 | Vaults:5 | Killed Sojobo
 57762 | Vaults:5 | Reached XP level 22. HP: 129/159 MP: 25/42
 57763 | Vaults:5 | Killed a golden dragon
 59075 | Vaults:5 | Noticed a dread lich
 59079 | Vaults:5 | Killed a dread lich
 59158 | Vaults:5 | Identified the +3 glaive of the Orcish Mines {spect, Will+
                  | Str+2 Int+2 Dex+4}
 59536 | Vaults:5 | Noticed an ancient lich
 59539 | Vaults:5 | Killed an ancient lich
 59896 | Vaults:5 | Noticed a golden dragon
 59899 | Vaults:5 | Killed a golden dragon
 59957 | Vaults:5 | Noticed a shard shrike
 59959 | Vaults:5 | Killed a shard shrike
 60204 | Vaults:5 | Found Uhasec's Distillery.
 60209 | Vaults:5 | Bought a potion of heal wounds for 90 gold pieces
 60209 | Vaults:5 | Bought a potion of mutation for 144 gold pieces
 60281 | Vaults:5 | Found Ocyqaiv's Magic Scroll Shoppe.
 60303 | Vaults:5 | Got a silver rune of Zot
 60489 | Vaults:5 | Noticed a golden dragon
 60492 | Vaults:5 | Killed a golden dragon
 60665 | Vaults:5 | Found Ocyqaiv's Magic Scroll Shoppe.
 60758 | Vaults:5 | Found Uhasec's Distillery.
 61422 | Slime:1  | Entered Level 1 of the Pits of Slime
 61643 | Slime:2  | Reached skill level 22 in Conjurations
 61983 | Slime:4  | Gained mutation: You occasionally lose the ability to drink
                  | potions when taking damage. [a shining eye]
 62089 | Slime:5  | Entered Level 5 of the Pits of Slime
 62225 | Slime:5  | Noticed the Royal Jelly
 62230 | Slime:5  | Killed the Royal Jelly
 62231 | Slime:5  | Reached XP level 23. HP: 150/165 MP: 44/44
 62444 | Slime:5  | Identified the ring "Sear" {*Corrode rF+ Will+ Str+4}
 62457 | Slime:5  | Got a slimy rune of Zot
 62489 | Slime:5  | Got the Notes on Trauma and Translocation
 62492 | Slime:5  | Identified the ring "Udumaosk" {+Blink MP+9 Dex+3}
 62784 | Slime:5  | Learned a level 8 spell: Necromutation
 63126 | Depths:1 | Entered Level 1 of the Depths
 63235 | Depths:1 | Found a blossoming altar of Fedhas.
 63566 | Depths:1 | Found a gateway to Hell.
 63641 | Depths:1 | Found a one-way gateway to a ziggurat.
 63989 | Depths:2 | Found a one-way gate leading to the halls of Pandemonium.
 63990 | Depths:2 | Identified the +4 morningstar "Uficar" {antimagic, Int+4}
 64809 | Depths:2 | Found Aror's Book Emporium.
 64809 | Depths:2 | Found Kiklozol's Weapon Shoppe.
 64817 | Depths:2 | Bought a Trismegistus Codex for 560 gold pieces
 64817 | Depths:2 | Bought a book of Flames for 560 gold pieces
 65285 | Depths:2 | Found a runed door.
 65517 | Depths:2 | Reached skill level 1 in Necromancy
 65553 | Depths:2 | Noticed a dread lich
 65555 | Depths:2 | Killed a dread lich
 65556 | Depths:2 | Reached skill level 1 in Transmutations
 65562 | Depths:2 | Noticed an ancient lich
 65564 | Depths:2 | Killed an ancient lich
 65594 | Depths:2 | Identified the ring "Foadauru" {rN+ Str+3 SInv}
 65597 | Depths:2 | Identified the +0 pair of gloves of Ciecam {rN+}
 65620 | Depths:2 | Identified the +1 pair of gloves "Helatis" {rF+ Str+2
                  | Int-2}
 65621 | Depths:2 | Identified the +2 leather armour "Cemam" {Contam Harm
                  | Str+3}
 66048 | Depths:3 | Reached skill level 5 in Necromancy
 66164 | Depths:3 | Found a runed translucent door.
 66271 | Depths:3 | Reached skill level 5 in Transmutations
 66387 | Depths:3 | Found a runed translucent gate.
 66387 | Depths:3 | Found a runed translucent gate.
 66388 | Depths:3 | Found a runed translucent gate.
 66388 | Depths:3 | Noticed Odimm's ghost (master GrFi)
 66461 | Depths:3 | Identified the +2 mace of Prudence {flame, +Blink rC+
                  | Stlth+}
 66519 | Depths:3 | Noticed a caustic shrike
 66519 | Depths:3 | Killed a caustic shrike
 66556 | Depths:3 | Noticed a juggernaut
 66559 | Depths:3 | Killed a juggernaut
 66560 | Depths:3 | Gained mutation: You are resistant to unholy torment.
                  | [demonic ancestry]
 66560 | Depths:3 | Reached XP level 24. HP: 172/172 MP: 25/45
 66668 | Depths:3 | Found a runed translucent door.
 66668 | Depths:3 | Found a runed translucent door.
 66952 | Depths:3 | Killed Odimm's ghost
 67769 | Depths:4 | Entered Level 4 of the Depths
 67845 | Depths:4 | Noticed Xtahua
 67853 | Depths:4 | Noticed Margery
 67886 | Depths:4 | Killed Xtahua
 67893 | Depths:4 | Reached skill level 10 in Necromancy
 68211 | Depths:4 | Noticed a juggernaut
 68443 | Depths:4 | Killed Margery
 68525 | Depths:4 | Found a gate to the Realm of Zot.
 69170 | Depths:4 | Found a gate to the Realm of Zot.
 69647 | Crypt:1  | Entered Level 1 of the Crypt
 69692 | Crypt:1  | Reached skill level 10 in Transmutations
 69934 | Crypt:1  | Got the Lectures on Causimancy and Momentum
 70084 | Crypt:1  | You fall into a shaft and drop 1 floor!
 70265 | Crypt:2  | Gained mutation: A meltable icy envelope protects you from
                  | harm. (AC +0) [demonic ancestry]
 70265 | Crypt:2  | Reached XP level 25. HP: 177/177 MP: 35/45
 70484 | Crypt:1  | Identified the +4 plate armour of Lugonu's Whim {Harm rElec
                  | Will- rCorr}
 71526 | Crypt:3  | Entered Level 3 of the Crypt
 72021 | Crypt:3  | Found an ancient bone altar of Kikubaaqudgha.
 72087 | Crypt:3  | Identified the ring of Bocuuh Tura {rF+ Will+}
 72094 | Crypt:3  | Got Ivurosets's Treatise on the Damned
 72129 | Crypt:3  | Reached skill level 15 in Necromancy
 72485 | Crypt:3  | Found a staircase to the Tomb.
 72729 | Crypt:3  | Found an ancient bone altar of Kikubaaqudgha.
 72816 | Crypt:3  | Found a staircase to the Tomb.
 73289 | Tomb:1   | Entered Level 1 of the Tomb of the Ancients
 73702 | Tomb:1   | Noticed a royal mummy
 73706 | Tomb:1   | Killed a royal mummy
 74903 | Zot:1    | Entered Level 1 of the Realm of Zot
 75786 | Zot:1    | Identified the ring of Greater Demons {Ice rN+++ rCorr
                  | Int+2 Dex-5}
 75786 | Zot:1    | Noticed Josephina
 75788 | Zot:1    | Killed Josephina
 75856 | Zot:1    | Identified the ring of Usaef {Fly rF++ rN+ Will+}
 75885 | Zot:1    | Noticed an orb of fire
 75895 | Zot:1    | Reached XP level 26. HP: 184/184 MP: 24/45
 75979 | Zot:1    | Found a radiant altar of Vehumet.
 75982 | Zot:1    | Found a transporter.
 75995 | Zot:1    | Noticed an ancient lich
 76528 | Zot:2    | Found Wuoni's CLEARANCE SALE!.
 76555 | Zot:2    | Bought 5 silver javelins for 225 gold pieces
 76555 | Zot:2    | Bought 3 scrolls of butterflies for 60 gold pieces
 76885 | Zot:2    | Identified a scroll of acquirement
 76887 | Zot:2    | Acquired a book of Chaos
 77202 | Zot:3    | Noticed Parghit
 77206 | Zot:3    | Killed Parghit
 77207 | Zot:3    | Reached skill level 15 in Transmutations
 77207 | Zot:3    | Reached skill level 1 in Shields
 77384 | Zot:3    | Reached skill level 5 in Shields
 79191 | Zot:4    | Reached skill level 10 in Shields
 79620 | Zot:5    | Entered Level 5 of the Realm of Zot
 80482 | Zot:5    | Noticed a dread lich
 80544 | Zot:5    | Killed a dread lich
 80977 | Zot:5    | Noticed a dread lich
 80979 | Zot:5    | Gained mutation: You can hurl damnation. [demonic ancestry]
 80979 | Zot:5    | Reached XP level 27. HP: 190/190 MP: 45/45
 80979 | Zot:5    | Killed a dread lich
 80980 | Zot:5    | Noticed an orb of fire
 80984 | Zot:5    | Killed an orb of fire
 80989 | Zot:5    | Noticed an orb of fire
 80994 | Zot:5    | Killed an orb of fire
 80997 | Zot:5    | Noticed an ancient lich
 81000 | Zot:5    | Killed an ancient lich
 81005 | Zot:5    | Reached skill level 15 in Shields
 81152 | Zot:5    | Learned a level 2 spell: Blink
 82108 | Zot:1    | Killed an ancient lich
 82117 | Zot:1    | Killed an orb of fire
 82147 | Zot:1    | Found a transporter.
 82282 | Zot:1    | Lost mutation: Your muscles are strong. (Str +4, Int/Dex
                  | -1) [potion of mutation]
 82282 | Zot:1    | Lost mutation: You occasionally lose the ability to drink
                  | potions when taking damage. [potion of mutation]
 82282 | Zot:1    | Gained mutation: You have hidden genetic defects. [potion
                  | of mutation]
 82282 | Zot:1    | Gained mutation: Your flesh is heat resistant. (rF+)
                  | [potion of mutation]
 82283 | Zot:1    | Lost mutation: You have hidden genetic defects. [potion of
                  | mutation]
 82283 | Zot:1    | Lost mutation: Your flesh is heat resistant. (rF+) [potion
                  | of mutation]
 82283 | Zot:1    | Gained mutation: Your muscles are strong. (Str +4, Int/Dex
                  | -1) [potion of mutation]
 82283 | Zot:1    | Gained mutation: You have hidden genetic potential. [potion
                  | of mutation]
 82535 | Zig:1    | Entered Level 1 of a ziggurat
 82566 | Zig:2    | Entered Level 2 of a ziggurat
 82608 | Zig:3    | Entered Level 3 of a ziggurat
 82633 | Zig:4    | Entered Level 4 of a ziggurat
 82635 | Zig:4    | Found the +3 giant club "Skullcrusher" {speed, Str+7}
 82640 | Zig:4    | Reached skill level 1 in Throwing
 82680 | Zig:5    | Entered Level 5 of a ziggurat
 82700 | Zig:5    | Identified the +1 broad axe "Kainer" {pain, rC+ Int+3}
 82706 | Zig:6    | Entered Level 6 of a ziggurat
 82746 | Zig:7    | Entered Level 7 of a ziggurat
 82819 | Zig:7    | Identified the +9 ring mail of Reason {rN+ Str+3 Slay+3
                  | SInv}
 82832 | Zig:7    | Identified the +5 swamp dragon scales of Music {Rampage
                  | rElec rPois rN++ Will-}
 82842 | Zig:8    | Entered Level 8 of a ziggurat
 82876 | Zig:8    | Identified the ring of the Mutiny {Will+ AC+4 Slay+3}
 82884 | Zig:8    | Identified the +8 great sword "Sumaqeli" {flame, Str+2
                  | Dex+2}
 82893 | Zig:9    | Entered Level 9 of a ziggurat
 82903 | Zig:9    | Noticed an ancient lich
 82904 | Zig:9    | Noticed a dread lich
 82905 | Zig:9    | Noticed a dread lich
 82906 | Zig:9    | Killed an ancient lich
 82906 | Zig:9    | Killed a dread lich
 82906 | Zig:9    | Killed a dread lich
 82959 | Zig:10   | Entered Level 10 of a ziggurat
 82995 | Zig:10   | Identified the ring "Xiekeh" {Int+6 Dex+3 SInv}
 83006 | Zig:10   | Got the Enchiridion on the Impact
 83026 | Zig:11   | Entered Level 11 of a ziggurat
 83134 | Zig:12   | Entered Level 12 of a ziggurat
 83149 | Zig:12   | Reached skill level 5 in Throwing
 83149 | Zig:12   | Reached skill level 23 in Conjurations
 83165 | Zig:12   | Identified the +4 long sword of the Modern Persimmons
                  | {freeze, Dex+5}
 83184 | Zig:12   | Identified the +0 troll leather armour "Tibial" {Regen+
                  | rCorr Str+3 Dex-4}
 83223 | Zig:13   | Entered Level 13 of a ziggurat
 83244 | Zig:14   | Entered Level 14 of a ziggurat
 83286 | Zig:14   | Hit by a silver javelin thrown by a merfolk javelineer

Illustrated notes

Levels and vault maps discovered:
D:1:      amcnicky_arrival_feature_with_door, layout_basic, serial_curves,
          eino_curves_04, eino_curves_03, st_stairs_4
D:2:      layout_loops_cross, basic_altar
D:3:      minmay_angry_zag, layout_rooms, uniq_natasha
D:4:      layout_cave_pods, uniq_menkaure, uniq_eustachio, uniq_duvessa
D:5:      layout_rooms, minmay_temple_entry_glass, serial_curves,
          eino_curves_03, eino_curves_02, nrook_loot_triangle,
          minmay_a_box_with_orc_wizards_in_it, uniq_crazy_yiuf_cottage
D:6:      layout_loops_corners, nemelex_spade_bored_becter,
          chequers_temple_overflow_statue_of_worship
D:7:      layout_basic
D:8:      layout_basic
D:9:      layout_grid_maze, nicolae_qazlal_general_emergency, uniq_psyche
D:10:     hellmonk_ruined_rings, layout_basic, erik_lair_orcish_takeover,
          enter_bailey_5
D:11:     layout_irregular_city, zombieorc2_lemuel, minmay_misc_feat_nine_boxes
D:12:     minmay_separated_statues, layout_basic, serial_ice, serial_ice_g,
          serial_ice_f, serial_ice_l, serial_ice_h, slow_altar_2
D:13:     layout_long_grid, grunt_vaults_entry_tiered, zin_purify, uniq_maurice
D:14:     layout_loops_corners, chequers_big_river, uniq_azrael
D:15:     gammafunk_enter_depths_forms, layout_loops_cross, special_room
          [special_room_orc], nicolae_wwwww, serial_shops, shop,
          nicolae_elyvilon_temple_path
Temple:   mainiacjoe_temple_bowtie_tessellation
Lair:1:   layout_regular_city
Lair:2:   layout_cave_pods, serial_bayou_ford_a, serial_bayou_shore_a,
          uniq_sonja, uniq_nergalle
Lair:3:   gammafunk_worm_tunnel, layout_loops_ring, palyth_hydra_swamp_entry,
          spider_nest_entry_a, beast_lair_carwin_5
Lair:4:   layout_roguey, basic_altar, amcnicky_altar_lugonu_corruption
Lair:5:   hangedman_lair_tendril_chambers, layout_gridlike, slime_entry_1,
          st_stairs_6
Swamp:1:  layout_falls_marsh, evilmike_swamp_ruin_house_5,
          infiniplex_staircase_pool_2
Swamp:2:  layout_basic_swamp, evilmike_swamp_ruin_rubble_1
Swamp:3:  layout_falls_marsh, nicolae_swamp_round_clearing, uniq_bai_suzhen,
          uniq_aizul
Swamp:4:  swamp_alternative, layout_basic_swamp, uniq_roxanne, uniq_nikola
Spider:1: nicolae_spider_mines_1, uniq_louise
Spider:2: layout_spider_delve
Spider:3: nicolae_spider_corner, uniq_arachne, uniq_agnes
Spider:4: grunt_spider_rune_parallel, portal_ice_cave_entry_ice_statue_one,
          nicolae_spider_undead_wolf_pack, uniq_mara
Slime:1:  layout_caves
Slime:2:  layout_caves, nicolae_slime_getting_an_eyeful
Slime:3:  layout_caves, uniq_dissolution
Slime:4:  layout_caves
Slime:5
Orc:1:    layout_diamond_mine, serial_shops, shop, nicolae_shop_stone,
          nicolae_shop_overgrown_old_shop, nicolae_shop_bloodbath_and_beyond,
          shop, abandoned_shop, uniq_harold, uniq_erolcha
Orc:2:    st_orc_elflike, layout_caves
Elf:1:    layout_onion_city, minmay_elf_demonology,
          nicolae_elf_elemental_lessons
Elf:2:    nicolae_elf_blades_crystal_corner, layout_geoelf_diagonals,
          serial_shops, bzr_entry_safe
Elf:3:    minmay_elf_hall_circle, layout_geoelf_octagon, st_stairs_14, drop_trap
Vaults:1: ontoclasm_vaults_ring_small, nicolae_vaults_angled_halls,
          vaults_mumra_chevron, vaults_dpeg_emergency_exit,
          nicolae_vaults_network_quinsquares
          [nicolae_vaults_network_quincunx_subvault,
          nicolae_vaults_network_quincunx_subvault,
          nicolae_vaults_network_quincunx_subvault,
          nicolae_vaults_network_quincunx_subvault],
          nicolae_vaults_yaktaur_gun_rack, nicolae_vaults_little_squares_3,
          nicolae_vaults_ring_of_whatevers, vaults_mumra_hex, serial_ice_b,
          v_misc_8, layout_vaults_big_room, serial_shops, nicolae_diamond_shop
Vaults:2: minmay_crypt_entry_necro_gods, nicolae_vaults_quadrants,
          hangedman_vaults_corner_blocks, nicolae_vaults_alarming, v_misc_1,
          vaults_room_corners, ontoclasm_vaults_idyll, ontoclasm_vaults_pinch,
          grunt_vaults_trifunnel, v_misc_30, hangedman_vaults_slice,
          vaults_room_stairs_pillars, layout_vaults_omnicross
Vaults:3: grunt_tower_of_power, v_alt_pattern_3, v_rooms_1, v_alt_pattern_1,
          ontoclasm_vaults_ring_small, nicolae_vaults_big_ls,
          nicolae_vaults_little_squares_3, v_misc_19, vaults_dpeg_ring,
          nicolae_vaults_specimen_jars, layout_vaults_maze_snakey, serial_shops,
          freezing_bzr
Vaults:4: v_misc_17, v_misc_30, hangedman_vaults_cutoff,
          hangedman_vaults_capsules, nicolae_vaults_halls_meeting, v_misc_29,
          vaults_dpeg_hooks, serial_ice_m, vaults_mumra_chevron_long,
          nicolae_vaults_mini_display_case, layout_vaults_omnibox
Vaults:5: uniq_sojobo
Crypt:1:  minmay_skeleton_keep, layout_rooms
Crypt:2:  layout_chaotic_city, grunt_ministairs_15, lemuel_elevator,
          grunt_megastairs_4
Crypt:3:  church_of_pain_bobbens, layout_chaotic_city
Tomb:1
Depths:1: layout_forbidden_donut, enter_ziggurat_f, hangedman_decor_opposing,
          grunt_hell_entry_dis_old, moated_statue, dk_noncrumbling_3,
          chequers_serial_rivers_marsh, fedhas_altar_fruit_tree
Depths:2: evilmike_wizard_prison, layout_twisted_cross, grunt_pan_entry_spiral,
          hell_entry, infiniplex_staircase_diamond, grunt_megastairs_1,
          minmay_shoptagon
Depths:3: minmay_the_grid_triangle_9x9_rhombus_full_mashed
          [minmay_the_grid_triangle_9x9_checkered,
          minmay_the_grid_triangle_9x9_semitri,
          minmay_the_grid_triangle_9x9_longest,
          minmay_the_grid_triangle_9x9_sprig,
          minmay_the_grid_triangle_9x9_fully_insulated_deathbox,
          minmay_the_grid_triangle_9x9_cache,
          minmay_the_grid_triangle_9x9_empty,
          minmay_the_grid_triangle_9x9_prize_insulated], layout_gridlike,
          abyss_entry_small_statue_room, hell_entry, ebering_ghost_rock_garden,
          patterned_corridor, hangedman_decor_riveting,
          minmay_misc_feat_secret_circle, serial_bayou_shore_b
Depths:4: evilmike_zot_entry_diamond, layout_cave_pools, hell_entry,
          eino_tiny_chamber, kennysheep_four_rooms, uniq_margery, uniq_xtahua
Zot:1:    gammafunk_sealed_library, layout_misc_corridors, grunt_ministairs_6,
          uniq_josephina
Zot:2:    layout_twisted_circle, nicolae_shop_clearance
Zot:3:    layout_twisted_circle, uniq_parghit
Zot:4:    layout_concentric_octagons
Zot:5:    layout_twisted_circle
Zig:14

Skill      XL: |  1  2  3  4  5  6  7  8  9 10 11 12 13 14 15 16 17 18 19 20 21 22 23 24 25 26 27 |
---------------+----------------------------------------------------------------------------------+-----
Spellcasting   | 3 4 5 7 8 9 10 12 13 14 15 16 17 18 | 18.0
Conjurations   | 5 7 8 9 10 11 12 14 16 18 20 21 22 23 | 23.1
Hexes          | 1 2 3 |  3.0
Translocations | 1 2 3 |  3.0
Dodging        | 4 6 7 9 10 11 | 11.7
Fighting       | 3 6 7 8 9 10 12 | 12.1
Fire Magic     | 7 10 11 12 13 14 15 16 17 18 | 18.0
Air Magic      | 4 9 12 | 12.0
Earth Magic    | 4 9 12 13 15 17 18 | 18.0
Necromancy     | 7 13 17 18 | 18.0
Transmutations | 6 11 14 15 | 15.0
Shields        | 13 17 | 17.1
Throwing       | 5 |  5.3
Stealth        | |  1.7

Action                     |  1- 3 |  4- 6 |  7- 9 | 10-12 | 13-15 | 16-18 | 19-21 | 22-24 | 25-27 || total
---------------------------+-------+-------+-------+-------+-------+-------+-------+-------+-------++-------
  Melee: Unarmed           |    23 |    10 |     8 |       |       |       |       |       |       ||    41
         Punch             |     2 |       |       |       |     4 |       |       |       |       ||     6
         Morningstar       |       |       |       |     7 |       |       |       |       |       ||     7
         Staff             |       |       |       |     6 |    42 |    47 |     3 |     4 |     1 ||   103
         Kick              |       |       |       |       |    10 |    25 |     2 |     1 |     1 ||    39
  Throw: Dart              |       |       |     1 |     2 |       |       |       |     3 |       ||     6
         Javelin           |       |       |       |       |       |       |       |     2 |       ||     2
   Cast: Magic Dart        |    18 |       |       |     1 |       |       |       |       |       ||    19
         Searing Ray       |    35 |    51 |    88 |    85 |       |       |       |       |       ||   259
         Fulminant Prism   |       |       |    12 |    30 |     3 |       |       |       |       ||    45
         Iskenderun's Myst |       |       |     6 |    25 |     8 |       |       |       |       ||    39
         Fireball          |       |       |       |   133 |   227 |   299 |   126 |       |       ||   785
         Starburst         |       |       |       |     6 |   220 |   321 |    18 |       |       ||   565
         Lee's Rapid Decon |       |       |       |       |       |    28 |     4 |       |       ||    32
         Ignition          |       |       |       |       |       |    26 |    77 |    13 |    11 ||   127
         Iron Shot         |       |       |       |       |       |       |   118 |    71 |   102 ||   291
         Fire Storm        |       |       |       |       |       |       |    90 |   358 |   373 ||   821
         Necromutation     |       |       |       |       |       |       |       |       |    87 ||    87
         Blink             |       |       |       |       |       |       |       |       |     7 ||     7
Ability: End Transformatio |       |       |       |       |       |       |       |       |     6 ||     6
  Evoke: Wand              |       |       |     1 |       |     1 |       |       |       |     1 ||     3
    Use: Potion            |       |     7 |     2 |     3 |     5 |    17 |     4 |     9 |    16 ||    63
         Scroll            |       |       |     7 |     3 |    17 |    23 |     2 |     5 |    13 ||    70
 Armour: Robe              |     7 |    23 |     6 |       |    23 |   246 |    11 |     9 |    41 ||   366
         Skin              |       |     8 |       |       |       |       |       |       |       ||     8
         Leather armour    |       |       |    10 |    55 |    57 |       |       |       |       ||   122
  Dodge: Dodged            |    29 |    48 |    73 |   109 |   207 |   491 |    69 |    51 |   105 ||  1182
         Repelled          |       |     2 |     2 |     3 |    12 |     5 |     6 |     3 |    11 ||    44
  Block: Other             |    14 |    11 |    16 |    37 |    41 |   101 |     4 |     9 |    17 ||   250
         Kite shield       |       |       |       |       |       |       |       |       |    27 ||    27

Table legend: (Time is in decaauts)
 A = Elapsed time spent in this place.
 B = Non-inter-level travel time spent in this place.
 C = Inter-level travel time spent in this place.
 D = Time resting spent in this place.
 E = Time spent auto-exploring this place.
 F = Levels seen in this place.
 G = Mean time per level.
                   A        B        C        D        E       F      G
               +--------+--------+--------+--------+--------+-----+--------+
         Total |  83639 |  76765 |   6874 |   1518 |  64296 |  75 | 1115.2 |
       Dungeon |  24184 |  21485 |   2699 |     18 |  18781 |  15 | 1612.3 |
        Temple |    237 |    213 |     24 |      0 |    189 |   1 |  237.0 |
          Lair |   8784 |   7708 |   1076 |     76 |   6394 |   5 | 1756.8 |
         Swamp |   4449 |   4240 |    209 |    404 |   3292 |   4 | 1112.2 |
   Spider Nest |   8512 |   8178 |    334 |    531 |   6329 |   4 | 2128.0 |
    Slime Pits |   1423 |   1308 |    115 |      0 |   1126 |   5 |  284.6 |
  Orcish Mines |   2195 |   1831 |    364 |      0 |   1573 |   2 | 1097.5 |
   Elven Halls |   3969 |   3767 |    202 |      0 |   3124 |   3 | 1323.0 |
        Vaults |   8717 |   8159 |    558 |    310 |   6968 |   5 | 1743.4 |
         Crypt |   3744 |   3541 |    203 |      0 |   3033 |   3 | 1248.0 |
          Tomb |   1292 |   1156 |    136 |      0 |   1036 |   1 | 1292.0 |
        Depths |   7144 |   6646 |    498 |    160 |   5660 |   4 | 1786.0 |
           Zot |   6906 |   6454 |    452 |      0 |   5494 |   5 | 1381.2 |
      Ziggurat |    747 |    747 |      0 |     18 |    371 |  14 |   53.4 |
        Bazaar |    159 |    159 |      0 |      0 |    112 |   2 |   79.5 |
        Bailey |    466 |    466 |      0 |      0 |    292 |   1 |  466.0 |
      Ice Cave |    704 |    704 |      0 |      0 |    517 |   1 |  704.0 |
               +--------+--------+--------+--------+--------+-----+--------+

Top non-repeatable levels by time:
Spider:2: 3425 daAuts
     D:2: 2916 daAuts
Depths:3: 2503 daAuts
  Lair:2: 2389 daAuts
   Zot:5: 2362 daAuts
Vaults:5: 2290 daAuts
Vaults:4: 2282 daAuts
Spider:3: 2178 daAuts
  Lair:3: 2105 daAuts
     D:9: 2095 daAuts
Depths:2: 1922 daAuts
Depths:4: 1866 daAuts
 Crypt:3: 1800 daAuts
     D:1: 1784 daAuts
Spider:4: 1764 daAuts
